 Dungeon Crawl Stone Soup version 0.28-a0-998-gb9e9c7b67e (webtiles) character file.

Game seed: 6912790556854095537

584 bande the Chopper (level 7, 0/44 HPs)
             Began as a Gargoyle Fighter on Dec 6, 2021.
             Slain by a gnoll sergeant (2 damage)
             ... on level 5 of the Dungeon.
             The game lasted 00:07:45 (5589 turns).

bande the Chopper (Gargoyle Fighter)                Turns: 5589, Time: 00:07:46

Health: 0/44       AC: 13    Str: 21    XL:     7   Next: 37%
Magic:  7/7        EV: 10    Int:  9    God:
Gold:   185        SH:  4    Dex:  9    Spells: 6/6 levels left

rFire   . . .      SeeInvis .   a - +0 war axe
rCold   . . .      Faith    +   c - +0 buckler
rNeg    + . .      Spirit   .   g - +3 ring mail
rPois   ∞          Reflect  .   (no helmet)
rElec   +          Harm     .   (no cloak)
rCorr   +          Rampage  .   (no gloves)
Will    .....                   (no boots)
Stlth   ..........              i - amulet of faith
HPRegen 0.14/turn               o - ring of resist corrosion
MPRegen 0.10/turn               (no ring)

@: no status effects
A: sickness immunity, AC +4, negative energy resistance 1, electricity
resistance, torment resistance 1, petrification resistance, mutation resistance
1, wild magic 1
a: no special abilities


You were on level 5 of the Dungeon.
You visited 1 branch of the dungeon, and saw 5 of its levels.
You also visited: Sewer.

You collected 185 gold pieces.

Inventory:

Hand Weapons
 a - a +0 war axe (weapon)
 m - a +0 flail
Armour
 c - a +0 buckler (worn)
 g - a +3 ring mail (worn)
Jewellery
 i - an amulet of faith (around neck)
 o - a ring of resist corrosion (left hand)
Wands
 k - a wand of iceblast (5)
Scrolls
 f - a scroll of amnesia
 j - a scroll of teleportation
 l - 2 scrolls of identify
 n - a scroll of magic mapping
Potions
 b - 3 potions of curing
 d - a potion of might
 e - a potion of heal wounds
 h - 4 potions of flight


   Skills:
 + Level 4.4 Fighting
 + Level 5.3 Axes
 + Level 4.9 Armour
 + Level 4.1 Shields
 * Level 1.5 Evocations


You had 6 spell levels left.
You didn't know any spells.
Your spell library contained the following spells:

 Spells                   Type           Power      Damage    Failure   Level
 Gell's Gravitas          Tloc           0%         N/A       92%         3
 Lesser Beckoning         Tloc           0%         N/A       92%         3
 Teleport Other           Tloc           0%         N/A       92%         3


Dungeon Overview and Level Annotations

Branches:
Dungeon (5/15)              Sewer (visited)
 Temple: D:4-7

Altars:
Ashenzari
Cheibriados
Dithmenos
Gozag
Hepliaklqana
Nemelex Xobeh
Qazlal
Sif Muna
Uskayaw
Yredelemnul
Zin

Shops:
D:2 ?


Innate Abilities, Weirdness & Mutations

You are immune to sickness and miasma.
Your stone body is resilient. (AC +4)
You are immune to poison.
You resist negative energy. (rN+)
You are resistant to electric shocks. (rElec)
You are resistant to unholy torment.
You are immune to petrification.
You are somewhat resistant to further mutation.
Your spells are a little harder to cast, but a little more powerful.


Message History

Your surroundings suddenly seem different.
You start resting.
You start resting.
You start resting.
HP restored.
You start waiting.
A gnoll is nearby!
The gnoll shouts!
The gnoll sergeant shouts!
You hear a shout! x2
The gnoll shouts! x2
The gnoll sergeant closely misses you.
You barely miss the gnoll sergeant.
The gnoll sergeant hits you with a +6 vorpal spear.
The gnoll sergeant hits you but does no damage.
You hit the gnoll sergeant but do no damage.
The gnoll sergeant hits you with a +6 vorpal spear!
The gnoll shouts!
You hit the gnoll sergeant but do no damage.
You block the gnoll sergeant's attack.
A gnoll comes into view. It is wielding a +0 whip.
The gnoll sergeant blocks your attack. The gnoll sergeant closely misses you.
You hit the gnoll sergeant.
The gnoll sergeant is moderately wounded.
The gnoll sergeant hits you with a +6 vorpal spear.
You block the gnoll sergeant's attack.
You hit the gnoll sergeant.
The gnoll sergeant is moderately wounded.
You block the gnoll sergeant's attack.
You slash the gnoll sergeant!
The gnoll sergeant is heavily wounded.
The gnoll sergeant hits you with a +6 vorpal spear!
* * * LOW HITPOINT WARNING * * *
x2 You hit the gnoll sergeant but do no damage.
The gnoll sergeant is heavily wounded.
The gnoll sergeant barely misses you.
You hit the gnoll sergeant.
The gnoll sergeant is heavily wounded.
The gnoll sergeant hits you with a +6 vorpal spear.
* * * LOW HITPOINT WARNING * * *
You die...

# . ####. #.# .... #.### .... #
#.###########...######## #..
#.#......@gg##............ .. #
.#..######g#.......###### .....
..... ##.g........# # #.######.#
#...........# ###...># #.###
#)).........#
.##.##.###...####.[#.......##
.....#.............##.....#######
....#.######.#####.###...###.....
....#.# #.# #.####.## #.####


You could see a gnoll sergeant and 3 gnolls.

Vanquished Creatures
  A black bear (D:4)
  A phantom (D:5)
  A water moccasin skeleton (D:4)
  An orc priest (D:5)
  A bullfrog zombie (D:5)
  An iguana (D:4)
  An orc wizard (D:5)
  A scorpion zombie (D:5)
  A merfolk siren (Sewer)
  A merfolk avatar (Sewer)
  A howler monkey skeleton (D:4)
  4 adders
  A river rat (Sewer)
  An ufetubus (D:4)
  4 worms
  A dart slug (D:1)
  6 orcs
  14 ball pythons
  7 bats
  8 endoplasms
  5 giant cockroaches
  3 goblins
  7 hobgoblins
  4 jackals (D:1)
  8 kobolds
  5 quokkas
  7 frilled lizards
  A quokka skeleton (D:4)
  25 rats
122 creatures vanquished.

Notes
Turn   | Place    | Note
-------+----------+-------------------------------------------
     0 | D:1      | bande the Gargoyle Fighter began the quest for the Orb.
     0 | D:1      | Reached XP level 1. HP: 14/14 MP: 1/1
    61 | D:1      | Reached XP level 2. HP: 14/19 MP: 2/2
    79 | D:1      | Reached skill level 2 in Axes
   761 | D:1      | Reached XP level 3. HP: 20/23 MP: 3/3
  1348 | D:1      | Found a faded altar of an unknown god.
  1672 | D:2      | Reached XP level 4. HP: 26/29 MP: 4/4
  2031 | D:2      | Found Epliem's Magic Scroll Boutique.
  2195 | D:3      | Reached skill level 3 in Axes
  2623 | D:3      | Found a glowing drain.
  2641 | Sewer    | Entered a sewer
  2815 | Sewer    | Reached XP level 5. HP: 22/33 MP: 5/5
  3046 | Sewer    | Noticed a malarious merfolk avatar
  3064 | Sewer    | Killed a malarious merfolk avatar
  3346 | D:3      | Found a shimmering blue altar of Sif Muna.
  3353 | D:3      | Found a broken altar of Ashenzari.
  3354 | D:3      | Found a glowing silver altar of Zin.
  3355 | D:3      | Found a basalt altar of Yredelemnul.
  3355 | D:3      | Found a stormy altar of Qazlal.
  3357 | D:3      | Found a snail-covered altar of Cheibriados.
  3358 | D:3      | Found a hide-covered altar of Uskayaw.
  3359 | D:3      | Found a hazy altar of Hepliaklqana.
  3360 | D:3      | Found a shadowy altar of Dithmenos.
  3807 | D:4      | Reached skill level 4 in Axes
  4125 | D:4      | Noticed a black bear
  4134 | D:4      | Killed a black bear
  4135 | D:4      | Reached XP level 6. HP: 26/38 MP: 6/6
  4251 | D:4      | Found a sparkling altar of Nemelex Xobeh.
  4251 | D:4      | Found an opulent altar of Gozag.
  4832 | D:5      | Entered Level 5 of the Dungeon
  4855 | D:5      | Gained mutation: Your spells are a little harder to cast,
                  | but a little more powerful. [potion of mutation]
  4855 | D:5      | Gained mutation: You are somewhat resistant to further
                  | mutation. [potion of mutation]
  4944 | D:5      | Reached skill level 1 in Evocations
  4944 | D:5      | Reached XP level 7. HP: 43/43 MP: 7/7
  4952 | D:5      | Reached skill level 5 in Axes
  5589 | D:5      | HP: 2/44 [gnoll sergeant (6)]
  5589 | D:5      | Slain by a gnoll sergeant

Illustrated notes

Levels and vault maps discovered:
D:1:      shiori_arrival_maze, layout_loops_corners,
          shapermc_ecumenical_altar_mp_vishouse, minmay_crystal_room,
          minmay_door_square
D:2:      layout_rooms, serial_shops, nicolae_shop_advertising_works
          [nicolae_subvault_shop_adworks]
D:3:      layout_loops_corners, minitemple, portal_sewer_entry_a,
          nicolae_wormholes
D:4:      layout_gridville, grunt_temple_overflow_opulence
D:5:      layout_loops_ring, serial_shops, nicolae_shop_window_shopping,
          uniq_prince_ribbit1

Skill      XL: |  1  2  3  4  5  6  7 |
---------------+----------------------+-----
Axes           | 2 3 4 5 |  5.3
Armour         | 4 |  4.9
Fighting       | 4 |  4.4
Shields        | 4 |  4.1
Evocations     | 1 |  1.5

Action                   |  1- 3 |  4- 6 |  7- 9 || total
-------------------------+-------+-------+-------++-------
Melee: War axe           |    96 |   245 |    32 ||   373
  Use: Scroll            |       |    10 |     1 ||    11
       Potion            |       |     1 |       ||     1
Armor: Scale mail        |    71 |       |       ||    71
       Ring mail         |     2 |   117 |    12 ||   131
Dodge: Dodged            |    55 |   141 |    22 ||   218
Block: Buckler           |    21 |    41 |    13 ||    75

Table legend: (Time is in decaauts)
 A = Elapsed time spent in this place.
 B = Non-inter-level travel time spent in this place.
 C = Inter-level travel time spent in this place.
 D = Time resting spent in this place.
 E = Time spent auto-exploring this place.
 F = Levels seen in this place.
 G = Mean time per level.
                   A        B        C        D        E       F      G
               +--------+--------+--------+--------+--------+-----+--------+
         Total |   5757 |   5720 |     37 |   1150 |   3473 |   6 |  959.5 |
       Dungeon |   5176 |   5139 |     37 |   1150 |   3131 |   5 | 1035.2 |
         Sewer |    581 |    581 |      0 |      0 |    341 |   1 |  581.0 |
               +--------+--------+--------+--------+--------+-----+--------+

Top non-repeatable levels by time:
     D:1: 1679 daAuts
     D:4: 1185 daAuts
     D:3: 1061 daAuts
     D:5: 766 daAuts
   Sewer: 581 daAuts
     D:2: 483 daAuts
